 Dungeon Crawl Stone Soup version 0.22.1-2-g9c5b331 (webtiles) character file.

973 Fang the Chopper (level 8, -6/76 HPs)
             Began as a Gargoyle Berserker on Dec 11, 2018.
             Was an Elder of Trog.
             Mangled by a two-headed ogre
             ... wielding a +0 giant spiked club
              (9 damage)
             ... on level 5 of the Dungeon.
             The game lasted 00:04:55 (5193 turns).

Fang the Chopper (Gargoyle Berserker)               Turns: 5193, Time: 00:04:56

Health: -6/76      AC: 18    Str: 27    XL:     8   Next: 16%
Magic:  8/8        EV:  5    Int: 14    God:    Trog [****..]
Gold:   77         SH:  0    Dex:  9    Spells: 7/7 levels left

rFire    . . .     SeeInvis .   x - +0 war axe
rCold    . . .     Gourm    .   (no shield)
rNeg     + . .     Faith    .   i - +0 plate armour
rPois    ∞         Spirit   .   (no helmet)
rElec    +         Reflect  .   b - +0 cloak (curse)
rCorr    .         Harm     .   a - -1 pair of gloves of Uskayaw's Pride {Int+2}
MR       .....                  (no boots)
Stlth    ..........             (no amulet)
HPRegen  0.22/turn              e - +3 ring of intelligence
MPRegen  0.11/turn              v - -3 ring of evasion (curse)

@: berserking, very quick
A: negative energy resistance 1, electricity resistance, unbreathing,
petrification resistance, rot immunity, AC +5
a: Berserk, Trog's Hand, Brothers in Arms, Renounce Religion


You were on level 5 of the Dungeon.
You worshipped Trog.
Trog was greatly pleased with you.
You were very hungry.

You visited 2 branches of the dungeon, and saw 6 of its levels.

You collected 295 gold pieces.
You spent 218 gold pieces at shops.

Inventory:

Hand Weapons
 x - a +0 war axe (weapon)
Armour
 a - the -1 pair of gloves of Uskayaw's Pride (worn) {Int+2}
   (You bought it in a shop on level 4 of the Dungeon)

   It affects your intelligence (+2).
 b - a cursed +0 cloak (worn)
 i - a +0 plate armour (worn)
Jewellery
 e - a +3 ring of intelligence (left hand)
 v - a cursed -3 ring of evasion (right hand)
Wands
 r - a wand of random effects (21)
 y - a wand of enslavement (4)
Scrolls
 f - a scroll of fog {unknown}
 g - 3 scrolls of blinking {unknown}
 l - 3 scrolls of teleportation {unknown}
 m - 3 scrolls of remove curse {unknown}
 n - a scroll of identify {unknown}
 o - 2 scrolls of enchant weapon {unknown}
 s - a scroll of immolation {unknown}
 u - 2 scrolls of amnesia {unknown}
 z - a scroll of silence {unknown}
Potions
 d - 2 potions of flight {unknown}
 h - a potion of invisibility {unknown}
 j - 2 potions of curing {unknown}
 k - 2 potions of lignification {unknown}
 p - 2 potions of might {unknown}
 q - a potion of brilliance {unknown}
 t - a potion of berserk rage {unknown}
 w - a potion of heal wounds {unknown}
Comestibles
 c - 5 rations


   Skills:
 + Level 5.8 Fighting
 + Level 6.5 Axes
 + Level 3.8 Armour
 + Level 3.0 Dodging
 + Level 1.1 Stealth


You had 7 spell levels left.
You didn't know any spells.
Your spell library was empty.

Dungeon Overview and Level Annotations

Branches:
Dungeon (5/15)             Temple (1/1) D:5

Altars:
Kikubaaqudgha
Makhleb
Nemelex Xobeh
Ru
Zin

Shops:
D:4 [*   D:5 *


Innate Abilities, Weirdness & Mutations

You are resistant to torment.
Your stone body is resilient. (AC +5)
You are immune to poison.
You resist negative energy. (rN+)
You are resistant to electric shocks. (rElec)
You can survive without breathing.
You are immune to petrification.
You are immune to rotting.


Message History

The two-headed ogre hits you but does no damage.
The two-headed ogre hits you with a giant spiked club!
You slash the two-headed ogre!
The two-headed ogre is heavily wounded.
The two-headed ogre hits you with a giant spiked club.
The two-headed ogre barely misses you.
You slash the two-headed ogre!
The two-headed ogre is severely wounded.
The two-headed ogre hits you with a giant spiked club!!
* * * LOW HITPOINT WARNING * * *
The two-headed ogre hits you but does no damage.
You are too injured to fight recklessly!
You are too injured to fight recklessly!
A red film seems to cover your vision as you go berserk!
You feel yourself moving faster!
You feel mighty!
You are feeling very hungry.
The two-headed ogre hits you with a giant spiked club!
* * * LOW HITPOINT WARNING * * *
The two-headed ogre hits you with a giant spiked club!
You die...

# .########### ..##........
###.##........ # ##.#.##........
#... ##.#..#......... #.....#####
# #.###.##........ #.........#
#.####.#..##........ #.....###.#
#.O@#.###.#.........
#.....###.#####)#.#.#..#..##..###
#..........##.########.#.....##
#.....##.÷..............###### ##
##### ##..............## ##.
######..####.>....#########..
#.......# ##...............#
#.####.######...#########....
##.# #.........## ####..##.


You could see a two-headed ogre.

Vanquished Creatures
  2 ogres (D:4)
  A sky beast (D:5)
  A centaur (D:5)
  A howler monkey (D:5)
  2 crimson imps
  2 hounds
  A centaur zombie (D:5)
  3 orc wizards (D:5)
  2 iguanas (D:5)
  3 worker ants
  2 hound skeletons
  A worker ant zombie (D:5)
  3 gnolls (D:2)
  4 adders
  A shadow imp (D:3)
  2 oozes
  A worm (D:2)
  3 dart slugs
  5 leopard geckos
  2 orcs
  10 bats
  10 giant cockroaches
  13 goblins
  10 hobgoblins
  11 jackals
  3 quokkas
  3 ball pythons
  5 frilled lizards
  A giant cockroach zombie (D:5)
  4 kobolds
  4 rats
116 creatures vanquished.

Notes
Turn   | Place    | Note
-------+----------+-------------------------------------------
     0 | D:1      | Fang the Gargoyle Berserker began the quest for the Orb.
     0 | D:1      | Reached XP level 1. HP: 14/14 MP: 1/1
   279 | D:1      | Reached XP level 2. HP: 15/19 MP: 2/2
   336 | D:1      | Reached skill level 3 in Axes
   460 | D:1      | Reached XP level 3. HP: 23/24 MP: 3/3
   986 | D:2      | Found an ancient bone altar of Kikubaaqudgha.
  1039 | D:2      | Reached ** piety under Trog
  1039 | D:2      | Reached XP level 4. HP: 13/29 MP: 4/4
  1475 | D:2      | Reached skill level 4 in Axes
  1475 | D:2      | Reached XP level 5. HP: 28/33 MP: 5/5
  1544 | D:2      | Found a sacrificial altar of Ru.
  1688 | D:2      | Found a burning altar of Makhleb.
  1752 | D:2      | Reached skill level 1 in Stealth
  2231 | D:3      | Reached *** piety under Trog
  2915 | D:4      | Found a sparkling altar of Nemelex Xobeh.
  3031 | D:4      | Reached XP level 6. HP: 39/39 MP: 6/6
  3076 | D:4      | Found Jukhlokh's Antique Armour Boutique.
  3187 | D:4      | Reached skill level 5 in Axes
  3488 | D:4      | Reached XP level 7. HP: 20/44 MP: 7/7
  4044 | D:4      | Found Leemukk's Elemental Accessories.
  4388 | D:5      | Entered Level 5 of the Dungeon
  4408 | D:5      | Reached skill level 5 in Fighting
  4422 | D:5      | Reached skill level 6 in Axes
  4678 | D:5      | Found a staircase to the Ecumenical Temple.
  4700 | Temple   | Entered the Ecumenical Temple
  4731 | D:5      | Reached **** piety under Trog
  4765 | D:5      | Found Zin's Purification Station.
  4828 | D:4      | Bought a pair of jewelled gloves for 218 gold pieces
  4833 | D:4      | Identified the -1 pair of gloves of Uskayaw's Pride {Int+2}
                  | (You bought it in a shop on level 4 of the Dungeon)
  4891 | D:5      | Reached XP level 8. HP: 43/50 MP: 8/8
  5007 | D:5      | Found a glowing silver altar of Zin.
  5188 | D:5      | Noticed a two-headed ogre
  5193 | D:5      | HP: 3/76 [two-headed ogre/giant spiked club (13)]
  5193 | D:5      | Mangled by a two-headed ogre

Skill      XL: |  1  2  3  4  5  6  7  8 |
---------------+-------------------------+-----
Axes           | 3 4 5 6 |  6.5
Fighting       | 4 5 |  5.8
Dodging        | 2 3 |  3.0
Stealth        | 1 |  1.1
Armour         | 3 |  3.8

Action                   |  1- 3 |  4- 6 |  7- 9 || total
-------------------------+-------+-------+-------++-------
Melee: Hand axe          |   101 |   283 |    52 ||   436
       War axe           |       |       |   101 ||   101
Invok: Berserk           |     1 |     3 |     2 ||     6
 Stab: Sleeping          |     1 |       |       ||     1
  Eat: Chunk             |     1 |     7 |     4 ||    12
       Ration            |       |     1 |     1 ||     2
Armor: Animal skin       |    44 |    11 |       ||    55
       Plate armour      |       |   238 |   171 ||   409
Dodge: Dodged            |    70 |   111 |    68 ||   249
